 Dungeon Crawl Stone Soup version 0.27.1-1-g398f81649c (webtiles) character file.

Game seed: 1273023224399715382

30446 Elvor the Basher (level 13, -8/80 HPs)
             Began as a Gargoyle Delver on Sept 14, 2021.
             Was a Follower of Okawaru.
             Mangled by an ice beast (13 damage)
             ... summoned by an ice statue
             ... in a Gauntlet.
             The game lasted 02:13:52 (14549 turns).

Elvor the Basher (Gargoyle Delver)                 Turns: 14549, Time: 02:13:52

Health: -8/80      AC: 27    Str: 22    XL:     13   Next: 51%
Magic:  14/14      EV:  7    Int: 12    God:    Okawaru [*.....]
Gold:   785        SH: 17    Dex: 11    Spells: 12/13 levels left

rFire    + . .     SeeInvis +   l - +0 flail (drain)
rCold    . . .     Faith    .   W - +0 kite shield of Charity {Str+2}
rNeg     + . .     Spirit   .   T - +2 plate armour {rF+}
rPois    ∞         Reflect  +   (no helmet)
rElec    +         Harm     .   (no cloak)
rCorr    .         Rampage  .   X - +0 pair of gloves
Will     .....     NoTele   +   (no boots)
Stlth    ..........             E - amulet of reflection
HPRegen  0.23/turn              m - +4 ring of slaying
MPRegen  0.14/turn              H - ring of see invisible

@: hasted, very quick
A: sickness immunity, AC +9, negative energy resistance 1, electricity
resistance, torment resistance 1, petrification resistance
a: Renounce Religion, Heroism


You were in a Gauntlet.
You worshipped Okawaru.
Okawaru was aware of your devotion.
You visited 3 branches of the dungeon, and saw 15 of its levels.
You also visited: Gauntlet.

You collected 989 gold pieces.
You spent 204 gold pieces at shops.

Inventory:

Hand Weapons
 l - a +0 flail of draining (weapon)
Missiles
 y - 66 poisoned darts (quivered)
 S - 7 curare-tipped darts
 V - 4 boomerangs
Armour
 T - a +2 plate armour of fire resistance (worn)
 W - the +0 kite shield of Charity (worn) {Str+2}
   (You bought it in a shop on level 9 of the Dungeon)

   Str:       It affects your strength (+2).
 X - a +0 pair of gloves (worn)
Jewellery
 m - a +4 ring of slaying (left hand)
 E - an amulet of reflection (around neck)
 H - a ring of see invisible (right hand)
Wands
 e - a wand of polymorph (7)
 g - a wand of digging (3)
 z - a wand of paralysis (14)
 R - a wand of charming (6)
Scrolls
 c - 2 scrolls of fog
 d - 3 scrolls of magic mapping
 f - 6 scrolls of teleportation
 k - 2 scrolls of blinking
 n - 2 scrolls of immolation
 o - 2 scrolls of acquirement {unknown}
 p - a scroll of vulnerability {unknown}
 w - a scroll of summoning {unknown}
 I - 3 scrolls of torment
 L - a scroll of silence {unknown}
 Q - a scroll of noise {unknown}
 Y - 2 scrolls of fear
Potions
 a - 2 potions of cancellation
 i - a potion of might {unknown}
 t - a potion of haste
 B - a potion of berserk rage
 C - 2 potions of magic
 F - 2 potions of lignification
 G - a potion of resistance
 K - 6 potions of curing
 O - a potion of attraction {unknown}
 Z - 2 potions of ambrosia {unknown}


   Skills:
 + Level 9.6 Fighting
 + Level 13.5 Maces & Flails
 + Level 1.1(4.7) Slings
 + Level 7.3(7.4) Throwing
 + Level 10.0 Armour
 + Level 2.9 Dodging
 + Level 6.9 Stealth
 + Level 10.1 Shields
 + Level 0.8 Spellcasting
 + Level 0.5 Translocations
 + Level 1.3 Evocations


You had 12 spell levels left.
You knew the following spells:

 Your Spells              Type           Power      Damage    Failure   Level
a - Apportation           Tloc           2%         N/A       99%         1

Your spell library contained the following spells:

 Spells                   Type           Power      Damage    Failure   Level
 Animate Skeleton         Necr           0%         N/A       100%        1
 Corona                   Hex            0%         N/A       100%        1
 Freeze                   Ice            0%         1d3       100%        1
 Summon Small Mammal      Summ           0%         N/A       100%        1
 Call Canine Familiar     Summ           0%         N/A       100%        3
 Frozen Ramparts          Ice            0%         1d2       100%        3
 Portal Projectile        Hex/Tloc       2%         N/A       100%        3
 Airstrike                Air            0%         N/A       100%        4
 Hailstorm                Conj/Ice       0%         3d3       100%        4
 Leda's Liquefaction      Hex/Erth       0%         N/A       100%        4
 Summon Lightning Spire   Summ/Air       0%         N/A       100%        4
 Lightning Bolt           Conj/Air       0%         1d11      100%        5


Dungeon Overview and Level Annotations

Branches:
Dungeon (10/15)            Temple (1/1) D:4            Lair (4/6) D:9
 Shoals (0/4) Lair:3        Snake (0/4) Lair:2          Orc (0/2) D:9
Gauntlet (1/1)

Altars:
Ashenzari
Cheibriados
Dithmenos
Elyvilon
Fedhas
Gozag
Hepliaklqana
Kikubaaqudgha
Makhleb
Nemelex Xobeh
Okawaru
Qazlal
Ru
Sif Muna
Trog
Uskayaw
Vehumet
Wu Jian
Xom
Yredelemnul
Zin
The Shining One

Shops:
D:9 [

Annotations:
Lair:1 exclusion: oklob plant
Lair:3 1 runed translucent door, Xiemaice's ghost, journeyman DrFE Gauntlet 10 transporters, 2 runed translucent doors, exclusions: ice statue, oklob plant and orange crystal statue


Innate Abilities, Weirdness & Mutations

You are immune to sickness and miasma.
Your stone body is resilient. (AC +9)
You are immune to poison.
You resist negative energy. (rN+)
You are resistant to electric shocks. (rElec)
You are resistant to unholy torment.
You are immune to petrification.


Message History

You sock the ice statue!
The ice statue is almost destroyed.
You are engulfed in freezing vapours.
The plant is engulfed in freezing vapours.
You block the ice beast's attack. x2
You sock the ice statue!
The ice statue is almost destroyed.
You are engulfed in freezing vapours.
* * * LOW HITPOINT WARNING * * *
The plant is engulfed in freezing vapours.
Something hits the plant.
Something freezes the plant!
The ice beast barely misses you.
You hit the ice statue but do no damage.
The ice statue is almost destroyed.
You are engulfed in freezing vapours.
* * * LOW HITPOINT WARNING * * *
The plant is engulfed in freezing vapours.
A nearby plant withers and dies.
You block the ice beast's attack.
You feel much better.
You are engulfed in freezing vapours.
The ice beast barely misses you. The ice statue gestures at you.
The freezing blast engulfs you!!
* * * LOW HITPOINT WARNING * * *
The ice beast barely misses you.
You feel better. You block the ice beast's attack. x2
The ice beast hits you but does no damage.
Okay, then.
You feel yourself speed up. You block the ice beast's attack.
The ice statue gestures at you. The bolt of cold hits you.
* * * LOW HITPOINT WARNING * * *
The bolt of cold hits the ice beast.
The ice beast completely resists.
The ice beast hits you but does no damage.
You block the ice beast's attack.
You hit the ice statue but do no damage.
The ice statue is almost destroyed.
The ice beast hits you.
* * * LOW HITPOINT WARNING * * *
The ice beast freezes you!
You die...

##≈.#.#.... ##..#.#
#≈≈.#..####.#. .####.#
##≈.#.xXx...#.#D..D...#
##.#########.#########
##≈....#©.........©#...
#≈≈..8.#.8.8.8.8.8.#.8.
##≈....#©.........©#...
##.###################
##≈.#8@Y©|?.#.##![©..##
#≈≈.#Y#Y#.#.#.##..###J#
##≈.#.○..P..#.#J##..#J#
##.#.#.©.#.#.#J#.©#.##
##≈.#..P.P..#.##.##..##
#≈≈.#.8.8.⌠.#.##J#.##.#
##≈.#.......#.#J#.#..##
##.#########.#########
#≈.....©.........©....


You could see an ice statue, a large abomination, 3 ice beasts and 2 small
abominations.

Vanquished Creatures
  Josephine (D:10)
  Fannar (D:10)
  Erolcha (D:9)
  3 hydras
  A two-headed ogre (D:9)
  A death yak (Lair:1)
  3 merfolk sirens (Lair:3)
  6 elephants
  A black mamba (Lair:1)
  5 cane toads
  A kobold demonologist (D:9)
  5 rime drakes
  8 komodo dragons
  A merfolk (Lair:3)
  A polar bear (Lair:3)
  2 blink frogs (Lair:1)
  3 vampires
  Eustachio (D:4)
  38 yaks
  4 wraiths
  A wyvern (D:7)
  Grum (D:8)
  A steam dragon (D:6)
  7 nagas (Lair:2)
  26 water moccasins
  An ice beast (D:4)
  3 orc warriors
  A black bear (Lair:3)
  A hornet zombie (D:8)
  3 centaurs
  6 wolves
  A phantom (D:4)
  15 bullfrogs
  6 kobold brigands
  2 gnoll sergeants (D:8)
  A wyvern zombie (D:8)
  3 scorpions
  A water moccasin skeleton (D:5)
  A water moccasin zombie (D:3)
  2 wyvern skeletons (D:7)
  8 wights
  4 killer bees (D:8)
  3 electric eels
  A bullfrog zombie (D:6)
  4 hounds
  3 centaur zombies
  3 orc priests
  A jelly (D:6)
  2 gnoll shamans
  A human zombie (D:8)
  3 bullfrog skeletons
  A centaur skeleton (D:6)
  3 iron imps (D:9)
  5 iguanas
  5 orc wizards
  2 killer bee zombies (D:8)
  3 howler monkey zombies
  12 adders
  18 gnolls
  A shadow imp (D:6)
  3 ufetubi
  4 worms
  3 dart slugs
  26 orcs
  5 ball pythons
  7 endoplasms
  2 giant cockroaches
  5 goblins
  8 hobgoblins
  14 jackals
  23 kobolds
  5 quokkas
  3 bats
  2 frilled lizards
  6 rats
369 creatures vanquished.

Vanquished Creatures (others)
  A killer bee (D:8)
  2 adders (Lair:3)
  An orc (D:6)
  12 fungi
  31 plants
47 creatures vanquished.

Grand Total: 416 creatures vanquished

Notes
Turn   | Place    | Note
-------+----------+-------------------------------------------
     0 | D:5      | Elvor the Gargoyle Delver began the quest for the Orb.
     0 | D:5      | Reached XP level 1. HP: 14/14 MP: 1/1
    24 | D:5      | Noticed a hound
   153 | D:5      | Reached XP level 2. HP: 15/19 MP: 2/2
   207 | D:5      | Noticed a black bear
   273 | D:6      | Noticed a scorpion
   284 | D:6      | Killed a scorpion
   285 | D:6      | Reached XP level 3. HP: 1/24 MP: 3/3
   285 | D:6      | Reached XP level 4. HP: 2/29 MP: 4/4
   400 | D:6      | Reached skill level 1 in Armour
   412 | D:6      | Found a shadowy altar of Dithmenos.
   663 | D:6      | Noticed a scorpion
   675 | D:6      | Killed a scorpion
   676 | D:6      | Reached XP level 5. HP: 22/33 MP: 5/5
   710 | D:6      | Reached skill level 3 in Maces & Flails
   957 | D:6      | Reached XP level 6. HP: 38/38 MP: 6/6
  1119 | D:5      | Reached skill level 4 in Maces & Flails
  1486 | D:6      | Found a sacrificial altar of Ru.
  1575 | D:6      | Reached XP level 7. HP: 40/44 MP: 7/7
  1610 | D:5      | Reached skill level 5 in Maces & Flails
  2056 | D:6      | Noticed a steam dragon
  2068 | D:6      | Killed a steam dragon
  2069 | D:6      | Reached skill level 6 in Maces & Flails
  2069 | D:6      | Reached skill level 1 in Slings
  2160 | D:6      | Found a stormy altar of Qazlal.
  2221 | D:6      | Reached XP level 8. HP: 48/48 MP: 8/8
  2471 | D:4      | Found a shimmering altar of Xom.
  2526 | D:4      | Reached skill level 5 in Fighting
  2607 | D:4      | Noticed Eustachio
  2621 | D:4      | Killed Eustachio
  2622 | D:4      | Reached skill level 7 in Maces & Flails
  2677 | D:4      | Found a staircase to the Ecumenical Temple.
  2700 | Temple   | Entered the Ecumenical Temple
  3453 | D:3      | Learned a level 1 spell: Apportation
  5000 | D:7      | Noticed a vampire
  5036 | D:6      | Reached skill level 1 in Shields
  5070 | D:6      | Noticed a vampire
  5169 | D:7      | Reached skill level 8 in Maces & Flails
  5348 | D:7      | Reached XP level 9. HP: 55/55 MP: 9/9
  5649 | D:7      | Reached skill level 1 in Throwing
  5649 | D:7      | Reached skill level 5 in Armour
  5853 | D:7      | Reached skill level 9 in Maces & Flails
  5853 | D:7      | Reached skill level 1 in Evocations
  6265 | D:8      | Found an opulent altar of Gozag.
  6283 | D:8      | Noticed Grum
  6297 | D:8      | Killed Grum
  6487 | D:8      | Reached XP level 10. HP: 59/61 MP: 10/10
  6519 | D:8      | Found an ancient bone altar of Kikubaaqudgha.
  6542 | D:8      | Reached skill level 10 in Maces & Flails
  7085 | D:9      | Noticed a two-headed ogre
  7494 | D:9      | Found a staircase to the Lair.
  7653 | D:9      | Found a shimmering blue altar of Sif Muna.
  7675 | D:9      | Found Huessoull's Armour Boutique.
  7677 | D:9      | Found a staircase to the Orcish Mines.
  7942 | D:9      | Noticed a kobold demonologist
  7952 | D:9      | Killed a kobold demonologist
  8207 | D:9      | Found a burning altar of Makhleb.
  8229 | D:9      | Reached skill level 11 in Maces & Flails
  8402 | D:9      | Killed a two-headed ogre
  8403 | D:9      | Reached XP level 11. HP: 67/67 MP: 11/11
  8488 | D:10     | Entered Level 10 of the Dungeon
  8488 | D:10     | Noticed Erolcha
  8510 | D:10     | Noticed Josephine
  8654 | D:9      | Bought the +0 kite shield of Charity {Str+2} for 204 gold
                  | pieces
  9146 | Lair:1   | Entered Level 1 of the Lair of Beasts
  9260 | Lair:1   | Reached skill level 5 in Shields
  9327 | Lair:1   | Noticed a six-headed hydra
  9327 | Lair:1   | Noticed an oklob plant
  9375 | Lair:1   | Killed a six-headed hydra
  9516 | Lair:1   | Noticed a six-headed hydra
  9526 | Lair:1   | Killed a six-headed hydra
  9714 | Lair:1   | Reached skill level 12 in Maces & Flails
  9714 | Lair:1   | Reached skill level 5 in Throwing
  9724 | Lair:1   | Noticed a death yak
  9758 | Lair:1   | Killed a death yak
  9922 | Lair:1   | Reached XP level 12. HP: 64/74 MP: 12/12
 11174 | Lair:2   | Found a glowing silver altar of Zin.
 11765 | Lair:2   | Found a staircase to the Snake Pit.
 12420 | Lair:3   | Reached skill level 13 in Maces & Flails
 12685 | Lair:3   | Found a runed translucent door.
 12685 | Lair:3   | Found a shimmering altar of Xom.
 12685 | Lair:3   | Noticed Xiemaice's ghost (journeyman DrFE)
 12735 | Lair:3   | Reached XP level 13. HP: 70/80 MP: 14/14
 12893 | Lair:3   | Found a staircase to the Shoals.
 13274 | Lair:3   | Identified the +8 rapier "Ukhedusm" {speed, Str-4 Dex+4}
 13532 | D:9      | Killed Erolcha
 13651 | D:10     | Found a sparkling altar of Nemelex Xobeh.
 13694 | D:10     | Found a bloodstained altar of Trog.
 13737 | D:10     | Found a white marble altar of Elyvilon.
 13744 | D:10     | Found an iron altar of Okawaru.
 13748 | D:10     | Became a worshipper of Warmaster Okawaru
 13773 | D:10     | Noticed Fannar
 13786 | D:10     | Killed Fannar
 13897 | D:10     | Killed Josephine
 13897 | D:10     | Reached * piety under Okawaru
 14258 | Lair:4   | Found a gate leading to a gauntlet.
 14284 | Lair:4   | Reached skill level 10 in Armour
 14284 | Lair:4   | Reached skill level 10 in Shields
 14329 | Gauntlet | Entered a Gauntlet
 14329 | Gauntlet | Found a transporter.
 14329 | Gauntlet | Found a transporter.
 14418 | Gauntlet | Found a transporter.
 14422 | Gauntlet | Found a transporter.
 14430 | Gauntlet | Found a transporter.
 14434 | Gauntlet | Found a transporter.
 14438 | Gauntlet | Found a runed translucent door.
 14440 | Gauntlet | Found a runed translucent door.
 14442 | Gauntlet | Found a transporter.
 14458 | Gauntlet | Found a transporter.
 14472 | Gauntlet | Found a transporter.
 14484 | Gauntlet | Found a transporter.
 14488 | Gauntlet | Found a transporter.
 14546 | Gauntlet | HP: 2/80 [ice statue/freezing blast (26)]
 14549 | Gauntlet | Mangled by an ice beast

Illustrated notes

Levels and vault maps discovered:
D:1:      grunt_arrival_crossed_arrows, layout_rooms
D:2:      layout_basic, minmay_misc_feat_four_crosses
D:3:      layout_basic, minivault_26, chequers_decorated_corner,
          minmay_misc_feat_doors, minmay_starry_boxes
D:4:      layout_rooms, lemuel_round_altar, minmay_temple_entry_overgrown,
          uniq_eustachio
D:5:      layout_basic, glass_columns_c
D:6:      layout_basic, nicolae_dithmenos_shadow_blocks,
          nicolae_ru_the_path_less_chosen, nicolae_qazlal_scattered_showers
D:7:      layout_loops_ring
D:8:      layout_rooms, lemuel_crystal_altar,
          lemuel_mausoleum_altar_kikubaaqudgha, uniq_grum
D:9:      layout_basic, kennysheep_mini, demons_altar, dpeg_oklobed_lair,
          orc_david_3
D:10:     layout_rooms, nicolae_overflow_quartered_altars, uniq_josephine,
          uniq_erolcha, uniq_fannar
Temple:   compressed_dpeg_circular_temple
Lair:1:   layout_chaotic_city, hangedman_lair_generics_rect, grunt_megastairs_4,
          minmay_lair_oklob_chamber, serial_bayou_shore_a,
          infiniplex_staircase_pool_2, serial_bayou_shore_b
Lair:2:   layout_chaotic_city, minmay_snake_entry_guardpost_medium, basic_altar,
          grunt_megastairs_2
Lair:3:   lemuel_reptile_caves, layout_gridlike, elwin_shoals_entry_stream,
          ebering_ghost_xom, lemuel_fruit_tree
Lair:4:   layout_cellular_growth, gauntlet_entry_generic, worms_lemuel
Gauntlet: minmay_gauntlet_77_indecision [minmay_gauntlet_arena_77_mess,
          minmay_gauntlet_arena_77_museum,
          minmay_gauntlet_arena_77_hold_the_fort,
          minmay_gauntlet_arena_77_radiant_squares,
          minmay_gauntlet_arena_77_cramped,
          minmay_gauntlet_arena_77_terracotta_army, gauntlet_exit_hidden_loot]

Skill      XL: |  1  2  3  4  5  6  7  8  9 10 11 12 13 |
---------------+----------------------------------------+-----
Stealth        | 6 |  6.9
Armour         | 1 2 3 4 6 7 8 9 10 | 10.0
Fighting       | 4 5 6 7 8 9 |  9.6
Maces & Flails | 3 4 6 8 9 11 12 13 | 13.5
Dodging        | 2 |  2.9
Slings         | 1 |  1.1
Shields        | 1 2 4 6 8 10 | 10.1
Throwing       | 2 4 5 6 7 |  7.3
Evocations     | 1 |  1.3
Spellcasting   | |  0.8
Translocations | |  0.5

Action                   |  1- 3 |  4- 6 |  7- 9 | 10-12 | 13-15 || total
-------------------------+-------+-------+-------+-------+-------++-------
Melee: Mace              |     9 |       |       |       |       ||     9
       Flail             |    22 |    93 |   362 |   721 |   245 ||  1443
 Fire: Hunting sling     |     3 |       |     2 |       |       ||     5
Throw: Stone             |       |     2 |     5 |       |       ||     7
       Dart              |       |       |    28 |   169 |    52 ||   249
       Javelin           |       |       |     8 |       |       ||     8
       Boomerang         |       |       |       |     5 |     7 ||    12
 Cast: Apportation       |       |       |       |     5 |       ||     5
Invok: Heroism           |       |       |       |       |     1 ||     1
Evoke: Wand              |       |       |    14 |     1 |       ||    15
  Use: Scroll            |     1 |     4 |     9 |     4 |     2 ||    20
       Potion            |     1 |       |     1 |     3 |     3 ||     8
Armor: Leather armour    |     3 |       |       |       |       ||     3
       Chain mail        |    19 |    86 |   172 |   110 |       ||   387
       Plate armour      |       |       |       |   228 |   119 ||   347
Dodge: Dodged            |    23 |    39 |   125 |   130 |    47 ||   364
Block: Other             |       |       |    43 |       |       ||    43
       Reflection        |       |       |     3 |    15 |       ||    18
       Buckler           |       |       |    24 |   108 |       ||   132
       Kite shield       |       |       |       |   358 |   212 ||   570
